 Dungeon Crawl Stone Soup version 0.29.1-12-g30fa7ad0bf (webtiles) character file.

Game seed: 3482154263971017110

35 112233 the Gusty (level 3, 0/14 HPs)
             Began as a Felid Air Elementalist on Dec 18, 2022.
             Slain by a worm (10 damage)
             ... on level 3 of the Dungeon.
             The game lasted 00:00:42 (1623 turns).

112233 the Gusty (Felid Air Elementalist)           Turns: 1623, Time: 00:00:43

Health: 0/14       AC:  1    Str:  4    XL:     3   Next: 17%
Magic:  2/7        EV: 17    Int: 18    God:
Gold:   95         SH:  0    Dex: 16    Spells: 3/6 levels left
                                        Lives:  0   Deaths: 0

rFire   . . .      SeeInvis +   (weapon unavailable)
rCold   . . .      Faith    .   (shield unavailable)
rNeg    . . .      Spirit   .   (body armour unavailable)
rPois   .          Reflect  .   (helmet unavailable)
rElec   .          Harm     .   (cloak unavailable)
rCorr   .          Rampage  .   (gloves unavailable)
Will    .....                   (boots unavailable)
Stlth   +.........              (no amulet)
HPRegen 0.04/turn               (no ring)
MPRegen 0.10/turn               (no ring)

@: very slow
A: very small, claws 1, fangs 3, see invisible, speed 1, shaggy fur 1, stealthy
paws, no weapons or thrown items, no armour, multi-lived
a: no special abilities


You were on level 3 of the Dungeon.
You visited 1 branch of the dungeon, and saw 3 of its levels.

You collected 95 gold pieces.

Inventory:

Scrolls
 c - a scroll of identify {unknown}
 d - a scroll of blinking {unknown}
 e - a scroll of teleportation {unknown}
 h - a scroll of enchant weapon {unknown}
Potions
 a - a potion of magic
 b - a potion of berserk rage {unknown}
 f - a potion of curing {unknown}
 g - 2 potions of brilliance {unknown}


   Skills:
 - Level 2.6 Dodging
 - Level 2.6 Stealth
 - Level 2.0 Spellcasting
 - Level 0.8 Conjurations
 + Level 3.9 Air Magic


You had 3 spell levels left.
You knew the following spells:

 Your Spells              Type           Power      Damage    Failure   Level
a - Shock                 Conj/Air       40%        1d5       7%          1
b - Static Discharge      Conj/Air       10%        3-5/arc   10%         2

Your spell library contained the following spells:

 Spells                   Type           Power      Damage    Failure   Level
 Swiftness                Air            16%        N/A       11%         3
 Sandblast                Erth           2%         2d4       19%         1
 Ensorcelled Hibernation  Hex/Ice        2%         N/A       26%         2
 Passwall                 Tmut/Erth      0%         N/A       26%         2
 Stone Arrow              Conj/Erth      6%         3d7       41%         3
 Airstrike                Air            8%         2d(2-18)  34%         4


Dungeon Overview and Level Annotations

Branches:
Dungeon (3/15)

Altars:
Okawaru

Shops:
D:1 [

Annotations:
D:2 1 runed translucent door, Crazy Yiuf


Innate Abilities, Weirdness & Mutations

You have sharp claws.
You have razor-sharp teeth.
You have supernaturally acute eyesight. (SInv)
You cover ground quickly. (Speed+)
You are covered in fur. (AC +1)
Your paws help you pounce on unaware monsters.
You are incapable of wielding weapons or throwing items.
You cannot wear armour.
You gain extra lives every three experience levels.


Message History

You don't have enough magic to cast this spell.
Casting: Shock (safe; 7% risk of failure)
Confirm with . or Enter, or press ? or * to list all spells.
You don't have enough magic to cast this spell.
Unknown command.
Casting: Shock (safe; 7% risk of failure)
Confirm with . or Enter, or press ? or * to list all spells.
You don't have enough magic to cast this spell.
Casting: Shock (safe; 7% risk of failure)
Confirm with . or Enter, or press ? or * to list all spells.
You don't have enough magic to cast this spell.
A rat comes into view.
You enter the shallow water.
Moving in this stuff is going to be slow.
Your unstable footing causes you to fumble your attack.
You scratch the worm.
The worm is almost dead.
The worm splashes around in the water.
Your unstable footing causes you to fumble your attack.
You scratch the worm.
The worm is almost dead.
The worm barely misses you.
Your unstable footing causes you to fumble your attack.
Your unstable footing causes you to fumble your attack.
The worm splashes around in the water.
You scratch the worm but do no damage.
The worm is severely wounded.
The worm barely misses you. The rat misses you.
You scratch the worm. You bite the worm.
The worm is almost dead.
The rat completely misses you.
Your unstable footing causes you to fumble your attack.
The worm bites you. The rat bites you.
Your unstable footing causes you to fumble your attack.
The rat completely misses you.
You completely miss the worm.
The worm is almost dead.
The worm bites you!
Ouch! That really hurt!
You die...

. ############+##♣+♣♣♣+
..##..............♣.....
.......?..........♣.≈≈≈.
.....~r...........♣.....
.~.~~~w@..........+.._..
~~#~#~####........♣.....
~~ #........♣.≈≈≈. ##
#........♣.....
#........♣'♣♣♣'
#.......)..##..
#.#####...###.# #.#
#.### #.. #.# #.# #..


You could see a worm and a rat.

Vanquished Creatures
  An adder (D:2)
  2 ball pythons (D:1)
  4 endoplasms (D:1)
  3 giant cockroaches (D:1)
  A hobgoblin (D:2)
  2 quokkas (D:1)
  3 bats
  5 frilled lizards
  2 goblins (D:2)
  A kobold (D:3)
  A rat (D:3)
25 creatures vanquished.

Notes
Turn   | Place    | Note
-------+----------+-------------------------------------------
     0 | D:1      | 112233 the Felid Air Elementalist began the quest for the
                  | Orb.
     0 | D:1      | Reached XP level 1. HP: 7/7 MP: 4/4
    38 | D:1      | Found Tughinio's Antique Armour Shop.
   103 | D:1      | Found a faded altar of an unknown god.
   165 | D:1      | Reached skill level 3 in Air Magic
   308 | D:1      | Reached XP level 2. HP: 7/11 MP: 0/6
   914 | D:1      | Learned a level 2 spell: Static Discharge
  1192 | D:2      | Reached XP level 3. HP: 14/14 MP: 0/7
  1455 | D:2      | Found a runed translucent door.
  1456 | D:2      | Noticed Crazy Yiuf
  1514 | D:3      | Found an iron altar of Okawaru.
  1623 | D:3      | Slain by a worm

Illustrated notes

Levels and vault maps discovered:
D:1:      dpeg_arrival_tiny_a, layout_basic, serial_shops, shop,
          chequers_ecumenical_altar_simple_redux
D:2:      layout_basic, basic_altar, serial_park_tiny_1, uniq_crazy_yiuf_cottage
D:3:      layout_basic, mainiacjoe_overflow_six_doors_small,
          nicolae_overflow_hidden_temple, lemuel_doored_altar,
          lightli_sewer_entry_pipes, minmay_misc_feat_diagonals,
          item_on_display_a

Skill      XL: |  1 |
---------------+----+-----
Air Magic      | 3 |  3.9
Dodging        | |  2.6
Stealth        | |  2.6
Spellcasting   | |  2.0
Conjurations   | |  0.8

Action                   || total
-------------------------++-------
Melee: Unarmed           ||    27
       Bite              ||     2
 Cast: Shock             ||    51
Armor: Skin              ||     1
Dodge: Dodged            ||    23
